 Dungeon Crawl Stone Soup version 0.30-a0-913-g9934a0ce24 (webtiles) character file.

Game seed: 13571724980649867976

264 Zeldest the Slasher (level 6, -20/53 HPs)
             Began as a Meteoran Delver on Mar 19, 2023.
             Was a Believer of Ru.
             Killed from afar by a steam dragon (24 damage)
             ... with a ball of steam
             ... on level 5 of the Dungeon.
             The game lasted 00:09:16 (1621 turns).

Zeldest the Slasher (Meteoran Delver)               Turns: 1621, Time: 00:09:17

Health: -20/53     AC:  9    Str: 14    XL:     6   Next: 72%
Magic:  7/7        EV: 26    Int: 12    God:    Ru [**....]
Gold:   159        SH:  0    Dex: 17    Spells: 5/5 levels left

rFire   x . .      SeeInvis .    a - +0 falchion
rCold   x . .      Faith    .    (no shield)
rNeg    + . .      Spirit   .    t - +0 scale mail
rPois   .          Reflect  .    l - +1 helmet
rElec   .          Rampage  .    (no cloak)
rCorr   .                        (no gloves)
Will    .....                    p - +0 pair of boots
Stlth   +                        i - amulet of the acrobat
HPRegen 0.28/turn                s - ring of positive energy
MPRegen 0.10/turn                (no ring)

@: acrobatic, glowing
A: sense surroundings 1, temperature sensitive, otherworldly, glowing, explore
regen
a: Renounce Religion


You were on level 5 of the Dungeon.
You worshipped Ru.
Ru was pleased with you.
You visited 2 branches of the dungeon, and saw 7 of its levels.

You collected 159 gold pieces.

Inventory:

Hand Weapons
 a - a +0 falchion (weapon)
Armour
 l - a +1 helmet (worn)
 p - a +0 pair of boots (worn)
 r - a +0 ring mail
 t - a +0 scale mail (worn)
Jewellery
 i - an amulet of the acrobat (around neck)
 s - a ring of positive energy (left hand)
 u - an amulet of guardian spirit
Wands
 f - a wand of charming (2)
 g - a wand of digging (3)
Scrolls
 b - a scroll of magic mapping
 c - a scroll of fog
 h - 2 scrolls of vulnerability {unknown}
 j - a scroll of amnesia {unknown}
 k - 2 scrolls of enchant armour
 q - 2 scrolls of torment {unknown}
 v - a scroll of poison {unknown}
Potions
 d - a potion of ambrosia {unknown}
 m - 2 potions of cancellation {unknown}
 n - 2 potions of brilliance
 o - 3 potions of curing


   Skills:
 + Level 4.6 Fighting
 * Level 5.6 Long Blades
 + Level 4.2 Dodging
 - Level 3.7 Stealth


You had 5 spell levels left.
You didn't know any spells.
Your spell library contained the following spells:

 Spells                   Type           Power      Damage    Failure   Level
 Freeze                   Ice            0%         1d3       83%         1
 Frozen Ramparts          Ice            0%         1d1       99%         3
 Hailstorm                Conj/Ice       0%         3d3       99%         3


Dungeon Overview and Level Annotations

Branches:
Dungeon (6/15) Zot: 2001   Temple (1/1) D:6 Zot: 557

Altars:
Ashenzari
Cheibriados
Dithmenos
Fedhas
Gozag
Hepliaklqana
Kikubaaqudgha
Nemelex Xobeh
Okawaru
Ru
Sif Muna
Vehumet
Wu Jian
Zin
The Shining One

Shops:
D:3 [

Annotations:
D:4 3 runed translucent doors, hgbash's ghost, amateur GrEE


Innate Abilities, Weirdness & Mutations

You passively map a small area around you.
You are sensitive to extremes of temperature. (rF-, rC-)
You are easily found by Zot.
You glow in the dark.
You regain HP and MP as you explore.


Message History

The steam dragon is lightly wounded.
The steam dragon closely misses you.
The steam dragon claws you but does no damage.
You hit the steam dragon.
The steam dragon is moderately wounded.
The steam dragon bites you! The steam dragon misses you.
You closely miss the steam dragon.
The steam dragon is moderately wounded.
The steam dragon bites you!
The steam dragon claws you but does no damage.
Okay, then.
You hit the steam dragon but do no damage.
The steam dragon is moderately wounded.
The steam dragon barely misses you. The steam dragon closely misses you.
You hit the steam dragon.
The steam dragon is moderately wounded.
The steam dragon barely misses you. x2
You hit the steam dragon.
The steam dragon is heavily wounded.
The steam dragon breathes steam at you. The ball of steam hits you!
The steam scalds you terribly! The steam dragon misses you.
The steam dragon claws you but does no damage.
You hit the steam dragon.
The steam dragon is severely wounded.
You redirect the steam dragon's attack!
The steam dragon bites you but does no damage.
The steam dragon closely misses you.
You slash the steam dragon!
The steam dragon is almost dead.
The steam dragon breathes steam at you. The ball of steam hits you!!
The steam scalds you terribly!
* * * LOW HITPOINT WARNING * * *
Okay, then.
Okay, then.
As you read the scroll of fear, it crumbles to dust.
You assume a fearsome visage.
The steam dragon looks frightened!
The steam dragon breathes steam at you. The ball of steam hits you!!
The steam scalds you terribly!
You die...

.#,*,*,#.#.#.###.# #.#...'.......
#.#,*,#.#.#.#.##.# #.#####...####
,#.#,#.#.#.#.###.# #.#...........
,,#.#.#.#.#.#.##.###.#.##########
,,+#.#.#.#.#.#...#§§.#...........
,,#.#.#.#.#.#.####.##############
+*.#.#.#.#.#.#...................
*,*.#.#.#.#.#...§......##########
,*,*.#.#.#.#....@..[#...........,
*,*,*.#.#.#[#..D....#...........#
,*,*,*.#.#.#........#............
*,*,*,*.#.#.#.......#............
,*,*,*,*.#.#..................##.
*,,,,,,,....#................,*#.
,*,,,,,,...#.................,*#.
*,,,,,,,,...#.#######.##.*######.
,*,*+*,*,*.*.#* *.##..#....f.


You could see a steam dragon (fleeing, catching breath).

Vanquished Creatures
  A scorpion (D:4)
  2 hounds
  An orc priest (D:3)
  4 adders
  A worm (D:3)
  6 orcs
  2 ball pythons
  10 bats
  9 endoplasms
  A giant cockroach (D:4)
  3 goblins
  5 hobgoblins
  8 jackals
  5 kobolds
  4 quokkas
  4 frilled lizards
  A rat (D:1)
67 creatures vanquished.

Vanquished Creatures (collateral kills)
  A kobold (D:2)
1 creature vanquished.

Vanquished Creatures (others)
  17 plants (D:4)
17 creatures vanquished.

Grand Total: 85 creatures vanquished

Notes
Turn   | Place    | Note
-------+----------+-------------------------------------------
     0 | D:5      | Zeldest the Meteoran Delver began the quest for the Orb.
     0 | D:5      | Reached XP level 1. HP: 19/19 MP: 2/2
    36 | D:5      | Noticed a sleepcap
    53 | D:6      | Found a staircase to the Ecumenical Temple.
    56 | D:6      | Noticed a sleepcap
    60 | Temple   | Entered the Ecumenical Temple
    81 | Temple   | Became a worshipper of Ru the Awakened
   127 | D:5      | Noticed an iguana
   139 | D:5      | Noticed a black bear
   141 | D:5      | Noticed a steam dragon
   256 | D:4      | Reached skill level 3 in Long Blades
   256 | D:4      | Reached XP level 2. HP: 25/26 MP: 3/3
   285 | D:3      | Reached XP level 3. HP: 31/31 MP: 4/4
   285 | D:3      | Found a sparkling altar of Nemelex Xobeh.
   321 | D:3      | Noticed an ice beast
   449 | D:1      | Reached XP level 4. HP: 33/40 MP: 5/5
   607 | D:1      | Gained mutation: You are sensitive to extremes of
                  | temperature. (rF-, rC-) [Ru sacrifice]
   607 | D:1      | Reached * piety under Ru
   607 | D:1      | Reached ** piety under Ru
   691 | D:1      | Reached skill level 4 in Long Blades
   920 | D:2      | Reached XP level 5. HP: 46/46 MP: 6/6
  1226 | D:3      | Found Efresok's Antique Armour Emporium.
  1314 | D:3      | Reached skill level 5 in Long Blades
  1314 | D:3      | Reached XP level 6. HP: 47/53 MP: 7/7
  1482 | D:4      | Found a runed translucent gate.
  1482 | D:4      | Found a runed translucent gate.
  1483 | D:4      | Found a runed translucent gate.
  1485 | D:4      | Noticed hgbash's ghost (amateur GrEE)
  1617 | D:5      | HP: 2/53 [steam dragon/ball of steam (22)]
  1621 | D:5      | Killed from afar by a steam dragon

Illustrated notes

Levels and vault maps discovered:
D:1:      amcnicky_arrival_underground_garden, layout_loops_corners,
          shapermc_ecumenical_altar_mp_highgroup
D:2:      layout_basic
D:3:      layout_basic, mainiacjoe_overflow_small_starburst, serial_shops, shop,
          hangedman_decor_points, chequers_serial_rivers_small_3, minmay_vboxes
D:4:      layout_loops_ring, gammafunk_ghost_necromancy, serial_bayou,
          serial_bayou_lake_a, serial_bayou_lagoon_a, serial_bayou_pond_a,
          serial_bayou_pond_e
D:5:      layout_basic, minmay_misc_feat_four_crosses, kennysheep_another_room
D:6:      layout_rooms, minmay_temple_entry_junction
Temple:   hellmonk_temple_of_storms

Skill      XL: |  1  2  3  4  5  6 |
---------------+-------------------+-----
Long Blades    | 3 4 5 |  5.6
Dodging        | 3 4 |  4.2
Fighting       | 4 |  4.6
Stealth        | |  3.7

Action                     |  1- 3 |  4- 6 || total
---------------------------+-------+-------++-------
  Melee: Falchion          |    66 |   174 ||   240
         Punch             |     1 |     6 ||     7
 Invoke: Sacrifice Resista |       |     1 ||     1
  Evoke: Wand              |     1 |       ||     1
    Use: Scroll            |     1 |     4 ||     5
         Potion            |     1 |       ||     1
   Stab: Distracted        |       |     1 ||     1
 Armour: Leather armour    |    14 |    39 ||    53
         Ring mail         |       |    25 ||    25
         Scale mail        |       |     5 ||     5
  Dodge: Dodged            |    80 |   131 ||   211

Table legend: (Time is in decaauts)
 A = Elapsed time spent in this place.
 B = Non-inter-level travel time spent in this place.
 C = Inter-level travel time spent in this place.
 D = Time resting spent in this place.
 E = Time spent auto-exploring this place.
 F = Levels seen in this place.
 G = Mean time per level.
                   A        B        C        D        E       F      G
               +--------+--------+--------+--------+--------+-----+--------+
         Total |   1640 |   1640 |      0 |      0 |      0 |   7 |  234.3 |
       Dungeon |   1597 |   1597 |      0 |      0 |      0 |   6 |  266.2 |
        Temple |     42 |     42 |      0 |      0 |      0 |   1 |   42.0 |
               +--------+--------+--------+--------+--------+-----+--------+

Top non-repeatable levels by time:
     D:3: 367 daAuts
     D:1: 363 daAuts
     D:2: 325 daAuts
     D:4: 320 daAuts
     D:5: 192 daAuts
  Temple: 42 daAuts
     D:6: 28 daAuts
